 Dungeon Crawl Stone Soup version 0.28-a0-1033-g1a2f33fa85 (webtiles) character file.

Game seed: 8890299925132295124

115 mainiacjoe the Bolt Thrower (level 4, 0/38 HPs)
             Began as a Minotaur Hunter on Dec 8, 2021.
             Succumbed to an orc wizard's poison
             ... on level 1 of the Dungeon.
             The game lasted 00:06:25 (3287 turns).

mainiacjoe the Bolt Thrower (Minotaur Hunter)       Turns: 3287, Time: 00:06:25

Health: 0/38       AC:  8    Str: 19    XL:     4   Next: 68%
Magic:  3/3        EV: 11    Int:  8    God:
Gold:   791        SH:  0    Dex: 10    Spells: 3/3 levels left

rFire   . . .      SeeInvis .   b - +1 hand crossbow
rCold   . . .      Faith    .   (no shield)
rNeg    . . .      Spirit   .   l - +0 ring mail
rPois   .          Reflect  .   o - +2 hat
rElec   .          Harm     .   (no cloak)
rCorr   .          Rampage  .   (no gloves)
Will    .....                   f - +0 pair of boots
Stlth   +.........              (no amulet)
HPRegen 0.12/turn               (no ring)
MPRegen 0.08/turn               (no ring)

@: lethally poisoned (0 -> -2)
A: horns 2, retaliatory headbutt
a: no special abilities


You were on level 1 of the Dungeon.
You visited 1 branch of the dungeon, and saw 3 of its levels.

You collected 791 gold pieces.

Inventory:

Hand Weapons
 a - a +0 spear
 b - a +1 hand crossbow (weapon)
 w - a +0 short sword
Missiles
 d - 59 bolts (quivered ammo)
 h - 23 sling bullets
 j - 31 stones
Armour
 c - a +0 leather armour
 f - a +0 pair of boots (worn)
 l - a +0 ring mail (worn)
 o - a +2 hat (worn)
Jewellery
 e - an amulet of magic regeneration
Wands
 n - a wand of polymorph (11)
Scrolls
 m - a scroll of magic mapping {unknown}
Potions
 g - a potion of cancellation
 k - a potion of mutation


   Skills:
 + Level 3.5 Fighting
 * Level 5.5 Crossbows
 + Level 3.2 Dodging
 - Level 1.2 Stealth


You had 3 spell levels left.
You didn't know any spells.
Your spell library was empty.

Dungeon Overview and Level Annotations

Branches:
Dungeon (3/15)

Altars:

Annotations:
D:2 1 runed translucent door, Crazy Yiuf, Sigmund


Innate Abilities, Weirdness & Mutations

You have a pair of horns on your head.
You reflexively headbutt those who attack you in melee.


Message History

You feel very sick.
The orc wizard mumbles some strange words.
The orc wizard flickers and vanishes!
Deactivating autopickup; reactivate with Ctrl-A.
Fire: 62 bolts
Press: ? - help, Q - select action, (/) - cycle Shift-Dir - straight line You shoot a bolt.
You feel very sick.
You hear some strange, mumbled words.
Something tries to affect you, but you resist.
Fire: 61 bolts
Press: ? - help, Q - select action, (/) - cycle Shift-Dir - straight line You shoot a bolt.
You feel sick. Something hits you.
You are more poisoned.
You hear some strange, mumbled words.
A magic dart appears from out of thin air!
The magic dart hits you!
Fire: 60 bolts
Press: ? - help, Q - select action, (/) - cycle Shift-Dir - straight line You shoot a bolt.
Reactivating autopickup.
You feel a bit more experienced.
* * * LOW HITPOINT WARNING * * *
You feel very sick.
* * * LOW HITPOINT WARNING * * *
You feel sick.
You climb upwards.
* * * LOW HITPOINT WARNING * * *
You feel sick.
There is a stone staircase leading down here.
There is a lethal amount of poison in your body!
Okay, then.
* * * LOW HITPOINT WARNING * * *
You feel sick.
* * * LOW HITPOINT WARNING * * *
You feel sick.
* * * LOW HITPOINT WARNING * * *
You feel sick.
You die...

.# #######.######.####.# #.# .#
#.......# #......# #.# .#
#.......#### ######## #.# .#
#..........# #.### #.# .#
##########.# #...# #.# .#
#.#######.#.###.# .###########
#.#....##.#.....#
...........#####.#.##.##.#####.#
................@#.##.##.# ###
.#########.#####.#.##.##.#
.'.....# #....##.#..#.##.#
.#####.# #....####.##.##.#
.'...#.# #.........##.##.#
.###.#.# #....#######.##.#
.###.#.# #....#......†##.#
.##..#.# #....#.########.#
.##.##.# ######.########.#


There were no monsters in sight!

Vanquished Creatures
  An orc wizard (D:2)
  Robin (D:2)
  2 adders
  2 dart slugs
  An orc (D:3)
  6 ball pythons
  6 bats
  3 endoplasms
  3 giant cockroaches (D:1)
  8 goblins
  5 hobgoblins
  3 jackals (D:3)
  4 quokkas
  5 frilled lizards
  A kobold (D:1)
  3 rats
54 creatures vanquished.

Notes
Turn   | Place    | Note
-------+----------+-------------------------------------------
     0 | D:1      | mainiacjoe the Minotaur Hunter began the quest for the Orb.
     0 | D:1      | Reached XP level 1. HP: 18/18 MP: 0/0
   127 | D:1      | Reached skill level 1 in Stealth
   255 | D:1      | Reached XP level 2. HP: 19/25 MP: 1/1
  1503 | D:2      | Found a runed translucent door.
  1504 | D:2      | Noticed Crazy Yiuf
  1579 | D:2      | Reached XP level 3. HP: 22/30 MP: 2/2
  1758 | D:2      | Noticed Robin
  2006 | D:2      | Reached skill level 5 in Crossbows
  2031 | D:2      | Killed Robin
  2296 | D:2      | Reached XP level 4. HP: 38/38 MP: 3/3
  2317 | D:2      | Noticed Sigmund
  2814 | D:2      | Identified a scroll of acquirement
  3026 | D:3      | Acquired 664 gold pieces
  3286 | D:1      | HP: 1/38 [poisoned by an orc wizard]
  3287 | D:1      | Succumbed to an orc wizard's poison

Illustrated notes

Levels and vault maps discovered:
D:1:      elethiomel_arrival_infinity_welcomes_careful_drivers, layout_basic,
          minmay_tiny_reverse_x
D:2:      layout_loops_corners, amcnicky_mini_pool_small,
          uniq_crazy_yiuf_cottage, uniq_sigmund, uniq_robin
D:3:      layout_basic, lightli_sewer_entry_pipes, serial_curves,
          eino_curves_02, eino_curves_04, hangedman_decor_diamond_cutter,
          fountainhead

Skill      XL: |  1  2  3 |
---------------+----------+-----
Stealth        | 1 |  1.2
Fighting       | 3 |  3.5
Crossbows      | 5 |  5.5
Dodging        | 3 |  3.2

Action                   |  1- 3 |  4- 6 || total
-------------------------+-------+-------++-------
Melee: Short sword       |    38 |       ||    38
       Headbutt          |    10 |     3 ||    13
       Spear             |    46 |    24 ||    70
       Unarmed           |     4 |       ||     4
 Fire: Hand crossbow     |     8 |    19 ||    27
Throw: Stone             |    37 |    24 ||    61
  Use: Scroll            |       |     5 ||     5
Armor: Leather armour    |    20 |       ||    20
       Ring mail         |    13 |     9 ||    22
Dodge: Dodged            |    47 |    12 ||    59

Table legend: (Time is in decaauts)
 A = Elapsed time spent in this place.
 B = Non-inter-level travel time spent in this place.
 C = Inter-level travel time spent in this place.
 D = Time resting spent in this place.
 E = Time spent auto-exploring this place.
 F = Levels seen in this place.
 G = Mean time per level.
                   A        B        C        D        E       F      G
               +--------+--------+--------+--------+--------+-----+--------+
         Total |   3308 |   3076 |    232 |    447 |   2061 |   3 | 1102.7 |
       Dungeon |   3308 |   3076 |    232 |    447 |   2061 |   3 | 1102.7 |
               +--------+--------+--------+--------+--------+-----+--------+

Top non-repeatable levels by time:
     D:1: 1794 daAuts
     D:2: 1433 daAuts
     D:3: 80 daAuts
